Map: Ulrena

Players

Saadistic - Winner!

  • Race: Protoss Protoss

Cruciphux

  • Race: Protoss Protoss

VOD

Have the link to the VOD?

Description

PvP. Enemy proxy 2 gated me. I handled it badly, lost my expansion. Enemy didn't macro well, I counter attacked and won.

Time

  • Played on: Nov. 14, 2015, 2:45 a.m.
  • Length: 7:59
Show
View Real Time Build Order
Export as new Build Order

Saadistic Protoss - Winner!

Build Orders: Nexus First 

Get SALT Encoding   

  12  0:01  Probe (Chrono Boost)  
  13  0:16  Pylon  
  13  0:17  Probe (Chrono Boost)  
  14  0:28  Probe (Chrono Boost)  
  15  0:38  Probe (Chrono Boost)  
  16  0:49  Probe (Chrono Boost)  
  17  1:00  Probe (Chrono Boost)  
  18  1:05  Nexus  
  18  1:10  Probe (Chrono Boost)  
  19  1:21  Probe (Chrono Boost)  
  20  1:31  Probe (Chrono Boost)  
  21  1:33  Gateway  
  21  1:42  Probe (Chrono Boost)  
  21  1:45  Pylon  
  21  1:46  Assimilator  
  22  1:52  Probe (Chrono Boost)  
  23  2:03  Probe (Chrono Boost)  
  23  2:04  Gateway  
  24  2:08  Assimilator  
  24  2:14  Pylon  
  24  2:17  Probe (Chrono Boost)  
  24  2:18  Probe (Chrono Boost)  
  24  2:21  Zealot (Chrono Boost)  
  28  2:25  Gateway  
  21  2:47  Probe  
  21  2:50  Zealot (Chrono Boost)  
  24  2:51  Probe  
  27  2:59  Zealot (Chrono Boost)  
  27  3:07  Probe (Chrono Boost)  
  27  3:10  Probe (Chrono Boost)  
  29  3:13  Zealot (Chrono Boost)  
  31  3:21  Cybernetics Core  
  31  3:32  Zealot  
  32  3:43  Zealot x2  
  29  4:05  Zealot  
  29  4:10  Zealot  
  29  4:11  Mothership Core (Chrono Boost)  
  29  4:14  Probe (Chrono Boost)  
  32  4:30  Probe (Chrono Boost)  
  27  4:50  Probe (Chrono Boost)  
  27  4:52  Stalker x3  
  28  4:54  Warp Gate (Chrono Boost)  
  29  5:06  Probe (Chrono Boost)  
  27  5:33  Zealot x2  
  30  5:37  Probe (Chrono Boost)  
  31  5:44  Pylon  
  31  6:02  Probe (Chrono Boost), Zealot  
  34  6:14  Probe (Chrono Boost)  
  35  6:28  Probe (Chrono Boost)  
  35  6:32  Pylon  
  36  6:40  Probe  
  37  6:52  Probe  
  38  6:54  Adept  
  38  6:55  Adept x2  
  38  6:59  Pylon  
  44  7:03  Pylon  
  44  7:04  Probe  
  45  7:11  Pylon  
  45  7:24  Adept x3  
  50  7:44  Adept x2  
  50  7:45  Adept  
Show
View Real Time Build Order
Export as new Build Order

Cruciphux Protoss 

Build Orders:  

Get SALT Encoding   

  12  0:01  Probe (Chrono Boost)  
  13  0:12  Probe (Chrono Boost)  
  14  0:28  Probe (Chrono Boost)  
  15  0:36  Pylon  
  15  0:54  Probe (Chrono Boost)  
  15  0:56  Gateway  
  16  0:59  Gateway  
  16  1:05  Probe (Chrono Boost)  
  16  1:09  Pylon  
  17  1:11  Assimilator  
  17  1:16  Probe (Chrono Boost)  
  18  1:34  Forge  
  18  1:46  Zealot x2 (Chrono Boost)  
  22  2:11  Zealot (Chrono Boost)  
  22  2:14  Zealot (Chrono Boost)  
  26  2:23  Protoss Ground Weapons Level 1  
  26  2:24  Pylon  
  26  2:35  Zealot (Chrono Boost)  
  28  2:41  Zealot (Chrono Boost)  
  28  2:59  Zealot (Chrono Boost)  
  30  3:06  Zealot (Chrono Boost)  
  30  3:11  Probe  
  31  3:13  Nexus  
  33  3:43  Probe  
  33  3:45  Zealot (Chrono Boost)  
  33  3:46  Assimilator  
  34  3:49  Pylon  
  34  3:55  Probe  
  35  4:07  Probe  
  34  4:14  Zealot (Chrono Boost)  
  38  4:17  Zealot (Chrono Boost)  
  32  4:53  Cybernetics Core  
  26  5:29  Probe  
  26  5:34  Stalker (Chrono Boost)  
  27  5:38  Stalker (Chrono Boost)  
  27  5:39  Probe  
  28  5:44  Probe  
  28  5:46  Warp Gate  
  28  5:48  Protoss Shields Level 1  
  29  5:50  Probe  
  30  6:00  Probe  
  35  6:11  Probe  
  32  6:20  Gateway  
  32  6:22  Gateway  
  32  6:24  Stargate  
  32  6:25  Probe  
  32  6:29  Probe  
  34  6:34  Pylon  
  34  6:36  Probe, Pylon  
  35  6:41  Gateway  
  35  6:46  Probe  
  32  6:54  Photon Cannon  
  32  6:56  Mothership Core, Photon Cannon  
  32  6:58  Photon Cannon  
  34  7:01  Assimilator  
  34  7:15  Probe  
  35  7:26  Probe  
  36  7:36  Probe  
  29  7:51  Stalker x3  
Tags
 
Add a new tag
Caveats
  • Supply blocks, unpowered buildings, or Contaminate may cause inaccurate times.
  • Supply counts are checked every 10 seconds.